Map: Tropical Sacrifice

Players

QuitVsTerran

  • Race: Protoss Protoss
  • Spawn Location: 7:00

Noobie - Winner!

  • Race: Zerg Zerg
  • League: Diamond
  • Spawn Location: 1:00

VOD

Have the link to the VOD?

Description

Time

  • Played on: Aug. 4, 2022, 9:06 p.m.
  • Length: 18:29
Show
View Real Time Build Order
Export as new Build Order

QuitVsTerran Protoss 

Build Orders:  

Get SALT Encoding   

  12  0:01  Probe  
  13  0:13  Probe  
  14  0:19  Pylon  
  14  0:25  Probe  
  15  0:37  Probe (Chrono Boost)  
  15  0:41  Gateway  
  16  0:49  Probe (Chrono Boost)  
  17  0:51  Assimilator  
  17  0:56  Probe (Chrono Boost)  
  18  1:04  Probe  
  19  1:11  Gateway  
  19  1:17  Probe  
  20  1:31  Zealot (Chrono Boost)  
  20  1:32  Cybernetics Core  
  22  1:43  Pylon, Probe  
  24  2:01  Probe  
  24  2:08  Adept x2  
  28  2:24  Warp Gate (Chrono Boost)  
  28  2:29  Nexus  
  28  2:35  Assimilator  
  28  2:41  Adept (Chrono Boost)  
  30  2:59  Probe  
  31  3:11  Probe  
  28  3:24  Probe  
  28  3:25  Stargate  
  29  3:36  Probe  
  30  3:48  Shield Battery, Probe  
  31  4:00  Shield Battery, Probe  
  30  4:07  Probe (Chrono Boost)  
  31  4:10  Stalker x2  
  40  4:17  Probe (Chrono Boost)  
  40  4:18  Void Ray  
  40  4:19  Probe (Chrono Boost)  
  41  4:25  Probe (Chrono Boost)  
  41  4:26  Probe (Chrono Boost)  
  43  4:34  Probe  
  43  4:36  Probe  
  45  4:45  Nexus  
  45  4:46  Probe  
  45  4:47  Pylon  
  46  5:05  Probe x2 (Chrono Boost)  
  48  5:11  Pylon  
  50  5:15  Probe x2 (Chrono Boost)  
  50  5:17  Assimilator  
  50  5:19  Probe x2 (Chrono Boost)  
  50  5:20  Assimilator  
  52  5:29  Adept  
  52  5:31  Adept, Probe  
  52  5:33  Probe  
  62  5:35  Void Ray  
  62  5:37  Shield Battery  
  62  5:48  Stargate  
  62  5:55  Robotics Facility  
  62  5:56  Pylon  
  64  5:57  Probe (Chrono Boost)  
  64  5:58  Probe (Chrono Boost)  
  64  6:02  Probe (Chrono Boost)  
  65  6:08  Probe x2 (Chrono Boost)  
  68  6:11  Probe (Chrono Boost)  
  68  6:12  Probe (Chrono Boost)  
  68  6:13  Probe (Chrono Boost)  
  70  6:21  Assimilator, Probe  
  70  6:23  Probe  
  70  6:25  Probe  
  77  6:31  Void Ray  
  77  6:32  Fleet Beacon  
  77  6:35  Probe (Chrono Boost)  
  77  6:37  Probe x2 (Chrono Boost)  
  80  6:44  Assimilator  
  80  6:45  Probe (Chrono Boost), Forge  
  80  6:46  Probe (Chrono Boost)  
  83  6:48  Probe (Chrono Boost), Observer  
  83  6:50  Protoss Air Weapons Level 1, Probe (Chrono Boost)  
  83  6:53  Shield Battery  
  85  6:55  Gateway  
  85  6:58  Pylon  
  85  7:00  Pylon  
  67  7:28  Probe x3  
  70  7:40  Probe x3  
  73  7:45  Robotics Facility  
  73  7:49  Photon Cannon  
  73  7:52  Probe x3  
  73  7:53  Photon Cannon  
  73  7:54  Carrier (Chrono Boost)  
  88  8:02  Adept  
  88  8:04  Carrier (Chrono Boost), Probe x3  
  93  8:12  Photon Cannon  
  93  8:15  Pylon  
  93  8:33  Probe x3  
  96  8:36  Observer  
  96  8:37  Nexus  
  96  8:38  Pylon  
  96  8:40  Robotics Bay  
  97  8:42  Photon Cannon  
  97  8:45  Probe x3  
  97  8:47  Pylon  
  100  8:58  Probe  
  100  8:59  Photon Cannon  
  100  9:00  Photon Cannon  
  100  9:01  Gateway  
  100  9:02  Shield Battery  
  101  9:03  Probe x2  
  101  9:08  Pylon  
  103  9:10  Probe  
  103  9:14  Stalker x2  
  103  9:15  Stalker, Probe  
  111  9:19  Phoenix x2 (Chrono Boost)  
  114  9:27  Photon Cannon  
  114  9:29  Probe x2  
  114  9:30  Probe  
  117  9:35  Photon Cannon  
  117  9:41  Probe x2  
  119  9:46  Probe  
  119  9:48  Assimilator  
  120  9:53  Probe  
  120  9:55  Assimilator, Protoss Air Weapons Level 2 (Chrono Boost)  
  120  9:57  Phoenix x2  
  125  10:02  Pylon  
  125  10:06  Stargate  
  125  10:08  Twilight Council  
  125  10:09  Observer  
  124  10:26  Phoenix x2  
  127  10:31  Fleet Beacon  
  127  10:44  Probe x2  
  127  10:49  Gateway, Probe x2  
  131  10:50  Photon Cannon  
  131  10:51  Phoenix x2  
  135  10:58  Phoenix  
  135  11:02  Templar Archives  
  137  11:04  Photon Cannon  
  137  11:13  Photon Cannon  
  137  11:16  Photon Cannon, Phoenix  
  137  11:30  Gateway  
  137  11:32  Charge (Chrono Boost)  
  137  11:33  Photon Cannon  
  137  11:36  Shield Battery  
  137  11:37  Photon Cannon  
  145  11:42  Void Ray  
  145  11:43  Void Ray  
  145  11:49  Probe x2  
  137  12:18  Psionic Storm  
  137  12:21  Void Ray  
  132  12:29  Pylon  
  132  12:31  Pylon x2  
  132  12:32  Pylon  
  132  12:33  Pylon  
  132  12:41  Nexus, Gateway  
  132  12:43  Pylon  
  132  12:44  Gateway  
  132  12:45  Pylon  
  136  12:54  Probe x2  
  136  12:55  Void Ray, Probe  
  136  12:57  Photon Cannon  
  139  13:10  High Templar x3  
  139  13:11  High Templar  
  147  13:13  Pylon  
  147  13:16  Archon x2  
  147  13:19  Nexus  
  147  13:22  Assimilator  
  147  13:25  Photon Cannon  
  147  13:27  Photon Cannon  
  147  13:29  Gateway  
  147  13:31  Gateway  
  131  13:41  High Templar  
  131  13:42  High Templar  
  131  13:43  Void Ray x3  
  131  13:48  Zealot x3  
  132  13:52  Zealot  
  98  14:03  Probe x2  
  98  14:06  Photon Cannon  
  98  14:07  Photon Cannon  
  98  14:08  Gateway  
  96  14:10  Gateway  
  96  14:12  Zealot  
  96  14:13  Probe  
  96  14:15  Probe  
  96  14:24  Pylon, Probe  
  96  14:25  Probe  
  96  14:27  Carrier x2 (Chrono Boost), Probe  
  111  14:36  Void Ray (Chrono Boost)  
  111  14:37  Probe x3  
  118  14:39  Probe  
  119  14:45  Shield Battery  
  119  14:46  Zealot  
  119  14:48  Zealot x2  
  119  14:49  Zealot, Probe  
  128  15:12  Gateway, Protoss Ground Weapons Level 1 (Chrono Boost)  
  128  15:15  Gateway  
  128  15:17  Shield Battery, Zealot  
  128  15:19  High Templar x3  
  128  15:20  High Templar  
  138  15:23  Archon  
  138  15:26  Assimilator  
  138  15:42  Archon  
  133  15:51  Pylon  
  133  15:55  High Templar x3  
  139  16:00  Archon  
  139  16:01  Pylon  
  139  16:07  Carrier  
  145  16:15  Nexus  
  145  16:20  Pylon  
  145  16:28  Gateway  
  145  16:29  Gateway  
  145  16:32  Gateway, High Templar x2  
  149  16:33  Photon Cannon  
  149  16:37  Photon Cannon  
  149  16:39  Photon Cannon  
  149  16:44  Archon  
  149  16:47  Zealot  
  149  16:53  Zealot  
  149  16:54  Zealot x3  
  137  17:16  Zealot x2  
  134  17:29  High Templar x2  
  138  17:30  Pylon, High Templar x3  
  138  17:33  Archon  
  138  17:34  Archon  
  144  17:41  Photon Cannon, Probe x3  
  144  17:43  Photon Cannon  
  147  18:03  Zealot x3  
  147  18:04  Zealot x4  
Show
View Real Time Build Order
Export as new Build Order

Noobie Zerg - Winner!

Build Orders: 3 Hatch before Pool 

Get SALT Encoding   

  12  0:00  Drone  
  13  0:08  Drone  
  14  0:20  Overlord  
  14  0:27  Extractor  
  14  0:28  Extractor, Drone  
  12  0:30  Drone  
  16  0:53  Hatchery  
  15  1:02  Drone x2  
  15  1:03  Drone  
  18  1:27  Hatchery  
  17  1:33  Drone x2  
  17  1:39  Overlord  
  19  1:47  Drone  
  20  1:56  Drone  
  20  2:00  Spawning Pool  
  20  2:05  Drone  
  20  2:07  Drone  
  22  2:20  Drone x2  
  24  2:41  Drone  
  25  2:48  Zergling x10  
  25  2:49  Queen x2  
  36  2:57  Hatchery  
  33  2:59  Zergling x2  
  32  3:13  Drone x3  
  32  3:18  Drone  
  35  3:25  Overlord x2  
  35  3:31  Drone  
  35  3:39  Extractor, Drone  
  35  3:43  Drone  
  35  3:44  Drone  
  35  3:45  Queen  
  35  3:46  Queen  
  35  3:47  Drone  
  41  3:55  Drone  
  41  3:57  Drone x2  
  41  3:58  Drone  
  43  4:06  Drone  
  44  4:11  Drone x2  
  44  4:14  Drone  
  44  4:15  Spore Crawler  
  44  4:16  Queen  
  46  4:20  Drone x2  
  49  4:32  Extractor  
  49  4:35  Zergling x6  
  49  4:38  Zergling x2  
  51  4:41  Drone x4  
  55  4:47  Baneling Nest  
  55  4:50  Drone  
  55  4:52  Hatchery  
  55  4:59  Drone x2  
  56  5:06  Zergling x10  
  58  5:10  Overlord  
  57  5:16  Extractor  
  57  5:17  Overlord x2  
  55  5:33  Drone x5  
  60  5:36  Overlord x3  
  60  5:40  Lair  
  60  5:44  Metabolic Boost  
  60  5:48  Drone x2  
  62  5:52  Drone x2  
  62  5:53  Drone  
  65  5:57  Drone  
  65  5:59  Drone x2  
  68  6:14  Drone x2  
  68  6:15  Drone x3  
  73  6:20  Baneling x5  
  73  6:21  Baneling x8  
  73  6:23  Zergling x4  
  73  6:24  Zergling x6  
  78  6:25  Zergling x2  
  78  6:26  Zergling x2  
  78  6:28  Zergling x6  
  83  6:42  Overlord x3  
  83  6:48  Hatchery  
  83  6:49  Spire, Drone x3  
  83  6:53  Spore Crawler  
  80  7:17  Zergling x16  
  80  7:18  Zergling x6  
  82  7:30  Drone x5  
  82  7:36  Drone  
  88  7:41  Drone  
  88  7:42  Extractor, Drone  
  88  7:43  Extractor  
  88  7:51  Extractor, Drone x2  
  90  7:52  Drone  
  90  7:57  Drone  
  91  8:03  Hatchery  
  91  8:05  Mutalisk x5  
  87  8:10  Mutalisk  
  99  8:17  Zergling x2  
  99  8:18  Zergling x4, Evolution Chamber x2  
  97  8:28  Mutalisk x3  
  97  8:32  Drone x3  
  97  8:33  Drone x5  
  109  8:38  Drone x3, Queen x2  
  109  8:40  Overlord, Queen  
  109  8:41  Queen, Overlord  
  120  8:42  Overlord  
  120  8:48  Zerg Melee Weapons Level 1, Zerg Ground Armor Level 1  
  120  8:52  Overseer  
  120  8:58  Overlord x3  
  120  9:08  Spore Crawler  
  119  9:10  Drone  
  119  9:11  Drone x2, Spore Crawler  
  119  9:12  Extractor, Drone x7  
  119  9:13  Hatchery  
  119  9:14  Pneumatized Carapace  
  119  9:16  Extractor  
  125  9:18  Mutalisk x3  
  131  9:26  Drone x4  
  131  9:28  Drone x2  
  131  9:29  Drone  
  138  9:33  Hydralisk Den, Zerg Flyer Weapons Level 1  
  138  9:36  Baneling x7  
  137  9:43  Drone x2  
  139  9:49  Extractor, Drone x3  
  139  9:50  Extractor, Overlord  
  139  9:51  Overlord x2  
  139  9:52  Zergling x6  
  143  9:58  Drone x2  
  138  10:31  Corruptor x7  
  138  10:32  Corruptor x2  
  147  10:36  Overlord  
  144  10:42  Spore Crawler  
  144  10:46  Zergling x22, Hatchery  
  144  10:47  Zergling x24  
  165  10:50  Baneling  
  165  10:51  Baneling x4  
  165  10:54  Zergling x12  
  165  10:55  Extractor  
  165  10:56  Extractor  
  169  11:01  Zergling x10  
  169  11:03  Zerg Melee Weapons Level 2  
  174  11:08  Infestation Pit  
  173  11:12  Zergling x12  
  177  11:28  Corruptor x5  
  187  11:37  Spore Crawler  
  186  11:41  Nydus Network  
  185  11:50  Baneling x9  
  185  11:51  Baneling x20  
  185  11:57  Zerg Ground Armor Level 2  
  185  12:00  Hive  
  157  12:20  Corruptor  
  157  12:21  Corruptor x7  
  152  12:34  Zerg Flyer Weapons Level 2  
  152  12:37  Zergling x10, Spire  
  152  12:38  Zergling x10  
  152  12:42  Overseer  
  161  12:49  Nydus Canal  
  161  12:55  Corruptor x2  
  161  12:56  Corruptor x2  
  169  12:59  Zergling x2  
  169  13:00  Zergling x14  
  172  13:15  Corruptor x3  
  172  13:16  Corruptor  
  172  13:19  Drone  
  182  13:20  Drone x4  
  183  13:38  Drone x6  
  189  13:47  Ultralisk Cavern  
  188  13:54  Corruptor  
  188  13:55  Corruptor x7  
  158  14:08  Corruptor x4  
  152  14:19  Corruptor x3  
  156  14:29  Zerg Flyer Armor Level 1  
  156  14:30  Drone x4  
  160  14:42  Adrenal Glands  
  160  14:43  Corruptor  
  160  14:44  Corruptor x2  
  166  14:54  Corruptor x3  
  172  15:00  Hatchery, Chitinous Plating  
  172  15:03  Extractor  
  170  15:08  Baneling x7  
  170  15:09  Hatchery, Baneling x2  
  170  15:10  Baneling  
  169  15:15  Zergling x6  
  169  15:16  Zergling x24  
  184  15:25  Drone x5  
  184  15:26  Drone  
  190  15:30  Zerg Melee Weapons Level 3  
  190  15:31  Zerg Ground Armor Level 3  
  179  15:55  Ultralisk x3  
  197  16:39  Overseer x3  
  197  16:41  Overseer x2  
  193  17:02  Spore Crawler  
  193  17:04  Spore Crawler  
  160  17:17  Ultralisk x5  
  183  17:24  Corruptor  
  183  17:25  Corruptor x7  
  199  17:40  Zergling x2  
  199  17:41  Spore Crawler x2  
  199  17:43  Spore Crawler x3  
  199  17:44  Spine Crawler, Spore Crawler x4  
  194  17:45  Spine Crawler, Spore Crawler  
  194  17:46  Spine Crawler, Spore Crawler x2  
  194  17:47  Spore Crawler  
  194  17:49  Spine Crawler, Spore Crawler  
Tags
 
Add a new tag
Caveats
  • Supply blocks, unpowered buildings, or Contaminate may cause inaccurate times.
  • Supply counts are checked every 10 seconds.